 Dungeon Crawl Stone Soup version 0.25-a0-942-g87a53962fc (webtiles) character file.

Game seed: 16995799400303623567, levelgen mode: classic

56 Amnesiac the Magician (level 3, 0/19 HPs)
             Began as a Deep Elf Wizard on May 7, 2020.
             Slain by an orc
             ... wielding a +0 whip
              (1 damage)
             ... on level 3 of the Dungeon.
             The game lasted 00:02:24 (1099 turns).

Amnesiac the Magician (Deep Elf Wizard)             Turns: 1099, Time: 00:02:25

Health: 0/19       AC:  2    Str:  4    XL:     3   Next: 69%
Magic:  0/11       EV: 13    Int: 23    God:
Gold:   27         SH:  0    Dex: 13    Spells: 0/11 levels left

rFire    . . .     SeeInvis .   (no weapon)
rCold    . . .     Gourm    .   (no shield)
rNeg     . . .     Faith    .   a - +0 robe
rPois    .         Spirit   .   (no helmet)
rElec    .         Reflect  .   (no cloak)
rCorr    .         Harm     .   (no gloves)
MR       +....                  (no boots)
Stlth    ++........             (no amulet)
HPRegen  0.06/turn              e - ring of protection from magic
MPRegen  0.12/turn              (no ring)

@: mighty, lethally poisoned (0 -> -11), stab
A: no striking features
a: no special abilities


You were on level 3 of the Dungeon.
You were not hungry.

You visited 1 branch of the dungeon, and saw 3 of its levels.

You collected 27 gold pieces.

Inventory:

Hand Weapons
 n - a +0 whip of electrocution
Missiles
 o - a poisoned dart (quivered)
Armour
 a - a +0 robe (worn)
Jewellery
 e - a ring of protection from magic (left hand)
Scrolls
 b - a scroll of enchant weapon {!r, unknown}
 c - a scroll of remove curse {!r, unknown}
 h - a scroll of fog {!r, unknown}
 i - 3 scrolls of identify {!r, unknown}
 j - a scroll of immolation {!r, unknown}
 l - a scroll of random uselessness {!r, unknown}
 m - a scroll of amnesia {!r, unknown}
Potions
 f - a potion of might {!q}
Comestibles
 d - 2 rations
 g - a chunk of flesh


   Skills:
 - Level 2.4 Dodging
 - Level 2.4 Stealth
 - Level 4.5 Spellcasting
 * Level 4.0 Conjurations
 - Level 1.1 Summonings
 - Level 1.1 Translocations


You couldn't memorise any spells.
You knew the following spells:

 Your Spells              Type           Power        Failure   Level  Hunger
a - Magic Dart            Conj           ###.         1%          1    None
b - Call Imp              Summ           ##......     10%         2    None
e - Mephitic Cloud        Conj/Pois/Air  ##......     17%         3    ##.....
s - Conjure Flame         Conj/Fire      ##......     13%         3    ##.....
v - Blink                 Tloc           N/A          10%         2    None

Your spell library contained the following spells:

 Spells                   Type           Power        Failure   Level  Hunger
 Slow                     Hex            #.......     16%         2    None


Dungeon Overview and Level Annotations

Branches:
Dungeon (3/15)

Altars:
Gozag
Zin


Message History

Aim: an orc, wielding a +0 whip, wearing a +0 leather armour and wearing an uncursed amulet of the acrobat The magic dart hits the orc but does no damage.
The orc hits you with a +0 whip.
* * * LOW HITPOINT WARNING * * *
Casting: Magic Dart (safe; 1% risk of failure)
Confirm with . or Enter, or press ? or * to list all spells.
Aiming: Magic Dart (safe; 1% risk of failure)
Press: ? - help, Shift-Dir - straight line, f/p - orc
Aim: an orc, wielding a +0 whip, wearing a +0 leather armour and wearing an uncursed amulet of the acrobat The magic dart hits the orc.
The orc is heavily wounded.
The orc hits you but does no damage.
The kobold throws a poisoned dart.
The poisoned dart closely misses you.
The poisoned dart barely misses the orc.
Casting: Magic Dart (safe; 1% risk of failure)
Confirm with . or Enter, or press ? or * to list all spells.
Aiming: Magic Dart (safe; 1% risk of failure)
Press: ? - help, Shift-Dir - straight line, f/p - orc
Aim: an orc, wielding a +0 whip, wearing a +0 leather armour and wearing an uncursed amulet of the acrobat (heavily wounded)
The magic dart hits the orc but does no damage.
The orc is heavily wounded.
The orc hits you but does no damage.
The kobold throws a poisoned dart.
The poisoned dart hits you!
You are lethally poisoned!
Casting: Magic Dart (safe; 1% risk of failure)
Confirm with . or Enter, or press ? or * to list all spells.
You don't have enough magic to cast that spell.
Unknown command.
n - a +0 whip of electrocution;
o - a poisoned dart
* * * LOW HITPOINT WARNING * * *
You feel sick. The orc barely misses you.
The kobold throws a poisoned dart.
The poisoned dart hits you!
You are more poisoned.
* * * LOW HITPOINT WARNING * * *
You feel sick.
The kobold throws a poisoned dart.
The poisoned dart misses you.
Things that are here:
a poisoned dart; a +0 club Unknown command.
* * * LOW HITPOINT WARNING * * *
You feel sick.
The kobold throws a poisoned dart.
The poisoned dart closely misses you.
* * * LOW HITPOINT WARNING * * *
You feel sick.
Okay, then.
Really quaff
f - 2 bubbling coppery potions {!q}?
It was a potion of might {!q}.
You feel very mighty all of a sudden.
* * * LOW HITPOINT WARNING * * *
You feel sick. The orc completely misses you.
Really quaff
k - a glowing yellow potion {!q}?
It was a potion of stabbing {!q}.
You feel ready to backstab.
* * * LOW HITPOINT WARNING * * *
You feel sick. The orc barely misses you.
Casting: Magic Dart (safe; 1% risk of failure)
Confirm with . or Enter, or press ? or * to list all spells.
Aiming: Magic Dart (safe; 1% risk of failure)
Press: ? - help, Shift-Dir - straight line, f/p - orc
Aim: an orc, wielding a +0 whip, wearing a +0 leather armour and wearing an uncursed amulet of the acrobat (heavily wounded)
The magic dart hits the orc but does no damage.
The orc is heavily wounded.
* * * LOW HITPOINT WARNING * * *
You feel sick. The orc hits you with a +0 whip.
You die...

##.## #.##.##.### #.##
### ##.# #.....#.# #[#
##......# # ##[#
#.#..### ## ##.##
#.#..# ### #.
...#####.#..# #.. ##
.....)..#...# #.# #####
....####.##)# #.# #....
.....###.##.## #@#
#.###
...........#.###o#
....#####.###...K######
...##...### ##...(...(#
...#.._.# #.#######.#
...#....# #.. .#.'....#
#.## .#.#....# ##
.#.#.._.#


You could see an orc and a kobold.

Vanquished Creatures
  3 adders
  A worm (D:3)
  A dart slug (D:1)
  A leopard gecko (D:2)
  An orc (D:3)
  A giant cockroach (D:3)
  2 goblins (D:3)
  4 hobgoblins
  3 kobolds (D:3)
  A ball python (D:3)
  3 bats
  2 frilled lizards (D:3)
  2 rats (D:3)
25 creatures vanquished.

Notes
Turn   | Place    | Note
-------+----------+-------------------------------------------
     0 | D:1      | Amnesiac the Deep Elf Wizard began the quest for the Orb.
     0 | D:1      | Reached XP level 1. HP: 10/10 MP: 7/7
   204 | D:2      | Reached XP level 2. HP: 15/15 MP: 1/9
   208 | D:2      | Learned a level 2 spell: Blink
   211 | D:2      | Learned a level 2 spell: Call Imp
   490 | D:3      | Reached XP level 3. HP: 17/19 MP: 4/11
   495 | D:3      | Learned a level 3 spell: Conjure Flame
   499 | D:3      | Learned a level 3 spell: Mephitic Cloud
   982 | D:3      | Found an opulent altar of Gozag.
   984 | D:3      | Found a glowing silver altar of Zin.
  1099 | D:3      | Slain by an orc

Levels and vault maps discovered:
D:1:      denvon_arrival_waterhouse, layout_basic
D:2:      layout_basic, first_ration
D:3:      layout_loops_ring, grunt_temple_overflow_gold_and_silver

Skill      XL: |  1  2  3 |
---------------+----------+-----
Conjurations   | 2 3 4 |  4.0
Dodging        | |  2.4
Stealth        | |  2.4
Spellcasting   | |  4.5
Summonings     | |  1.1
Translocations | |  1.1

Action                   || total
-------------------------++-------
Melee: Unarmed           ||     7
 Cast: Magic Dart        ||    71
  Use: Potion            ||     2
Armor: Robe              ||     8
Dodge: Dodged            ||    22

Table legend:
 A = Non-vault XP
 B = Vault XP
 C = Vault XP percentage of total XP
 D = Non-vault monster count
 E = Vault monster count
 F = Vault count percentage of total count
                 A         B        C        D         E       F
            +---------+---------+-------+---------+---------+-------
      Total |      80 |       0 |   0.0 |      25 |       0 |   0.0
            +---------+---------+-------+---------+---------+-------
        D:1 |       4 |       0 |   0.0 |       1 |       0 |   0.0
        D:2 |      32 |       0 |   0.0 |       5 |       0 |   0.0
        D:3 |      44 |       0 |   0.0 |      19 |       0 |   0.0
            +---------+---------+-------+---------+---------+-------
